AoeStats
← 市委书记李达康

Arena

509884250Analyzed
4v4 RM · 5d ago on Sep 28, 2026· 50m 30s· 8 players
Game mode
Random Map
Map size
Large (8 player)
Population
200
Speed
Normal
Resources
Standard
Victory
Conquest
Starting age
Dark Age
Ending age
Imperial Age
RankedLock teamsTeams togetherTeam positionsShared explorationLock speedFull tech treeHidden civsTurbo modeCheats
Victory
Defeat
🇨🇳 Britons · China
1138
+13
🇨🇳 Wei · China
1122
+14
🇹🇼 Turks · Taiwan
1112
+14
🇩🇪 Franks · Germany
1041
+18
🇻🇳 Persians · Vietnam
1081
-15
🇻🇳 Goths · Vietnam
1078
-15
🇻🇳 Vietnamese · Vietnam
1075
-15
🇻🇳 Aztecs · Vietnam
1064
-14
dangphu252
11:16 Feudal Age
11:04 Loom
13:34 Double-Bit Axe
13:32 Horse Collar
15:54 Castle Age
17:15 Bow Saw
17:33 Scale Mail Armor
18:42 Gold Mining
19:55 Heavy Plow
20:45 Forging
23:32 Iron Casting
28:21 Chain Mail Armor
32:45 Wheelbarrow
31:56 Town Watch
36:48 Pikeman
37:28 Squires
41:07 Hand Cart
41:21 Town Patrol
46:56 Imperial Age
47:13 Coinage
47:00 Halberdier
48:13 Plate Mail Armor
49:50 Two-Man Saw
49:50 Elite Skirmisher
50:53 Ballistics
50:27 Fletching
50:37 Padded Archer Armor
Huy
11:30 Feudal Age
12:36 Double-Bit Axe
17:02 Castle Age
16:35 Horse Collar
16:48 Gold Mining
16:48 Stone Mining
18:10 Eagle Warrior
19:24 Scale Mail Armor
21:43 Forging
23:39 Wheelbarrow
27:15 Iron Casting
26:56 Chain Mail Armor
28:21 Hand Cart
28:18 Bow Saw
28:44 Gold Shaft Mining
31:22 Stone Mining
31:19 Loom
31:21 Town Watch
31:25 Arson
34:36 Imperial Age
36:12 Plate Mail Armor
37:47 Blast Furnace
36:31 Pikeman
37:11 Squires
37:30 Town Patrol
38:11 Elite Eagle Warrior
39:00 Heavy Plow
38:46 Capped Ram
40:15 Siege Ram
42:17 Elite Jaguar Warrior
42:56 Gambesons
44:17 Caravan
44:48 Coinage
48:48 Garland Wars
48:48 Conscription
NguyenVi
13:36 Feudal Age
15:51 Double-Bit Axe
16:48 Horse Collar
16:59 Loom
19:14 Castle Age
19:10 Stone Mining
19:12 Gold Mining
20:06 Bow Saw
20:35 Heavy Plow
21:43 Squires
21:03 Pikeman
24:36 Wheelbarrow
24:04 Scale Mail Armor
24:15 Forging
27:13 Hand Cart
28:48 Chain Mail Armor
29:27 Anarchy
33:04 Imperial Age
33:20 Iron Casting
34:04 Perfusion
35:35 Blast Furnace
34:36 Elite Huskarl
36:36 Conscription
37:11 Halberdier
5400100
11:02 Feudal Age
11:46 Double-Bit Axe
15:17 Castle Age
21:08 Horse Collar
24:08 Wheelbarrow
24:34 Bow Saw
24:59 Loom
27:08 Gold Mining
27:09 Stone Mining
28:14 Scale Mail Armor
31:31 Imperial Age
29:46 Heavy Plow
30:02 Forging
31:31 Gold Shaft Mining
31:35 Stone Shaft Mining
31:22 Hand Cart
31:40 Chain Mail Armor
33:30 Iron Casting
33:26 Plate Mail Armor
34:47 Husbandry
34:59 Bloodlines
35:21 Bloodlines
36:27 Blast Furnace
34:51 Cavalier
36:35 Elite War Elephant
36:39 Savar
38:47 Scale Barding Armor
Achileus
11:26 Feudal Age
10:41 Loom
16:01 Castle Age
13:50 Loom
13:54 Double-Bit Axe
17:35 Bow Saw
23:07 Gold Mining
24:04 Scale Barding Armor
24:53 Forging
33:07 Wheelbarrow
34:10 Gold Shaft Mining
33:59 Chain Barding Armor
34:15 Iron Casting
37:03 Imperial Age
35:35 Hand Cart
36:36 Husbandry
37:33 Cavalier
39:03 Plate Barding Armor
40:07 Blast Furnace
39:56 Paladin
42:00 Padded Archer Armor
41:51 Fletching
42:57 Leather Archer Armor
42:04 Elite Skirmisher
43:05 Masonry
44:18 Bodkin Arrow
44:46 Ordonnance Companies
尿尿完要膽丹丹
11:53 Feudal Age
16:17 Castle Age
14:37 Double-Bit Axe
14:43 Loom
23:11 Imperial Age
20:50 Loom
24:35 Wheelbarrow
25:41 Gold Mining
37:33 Hand Cart
37:03 Town Watch
43:17 Stone Mining
44:04 Gold Shaft Mining
43:34 Town Patrol
46:55 Bow Saw
省委高育良
10:13 Feudal Age
14:21 Castle Age
12:21 Horse Collar
12:56 Double-Bit Axe
23:17 Gold Mining
23:30 Stone Mining
24:40 Heavy Plow
25:22 Bow Saw
25:52 Stone Shaft Mining
26:48 Gold Shaft Mining
31:09 Imperial Age
29:17 Wheelbarrow
28:31 Loom
28:32 Town Watch
29:48 Ballistics
29:22 Fletching
29:32 Padded Archer Armor
30:00 Fortified Wall
30:25 Hand Cart
31:30 Scale Barding Armor
31:35 Forging
32:39 Conscription
32:21 Tuntian
32:48 Ming Guang Armor
33:12 Chain Barding Armor
33:34 Crop Rotation
33:18 Husbandry
33:28 Bloodlines
32:40 Heavy Hei Guang Cavalry
33:26 Light Cavalry
35:13 Iron Casting
36:54 Blast Furnace
37:14 Town Patrol
39:11 Chemistry
市委书记李达康
10:08 Feudal Age
14:37 Castle Age
12:55 Double-Bit Axe
13:30 Horse Collar
16:35 Bow Saw
17:05 Bow Saw
20:42 Wheelbarrow
21:18 Heavy Plow
21:13 Gold Mining
24:34 Loom
27:44 Imperial Age
26:16 Ballistics
25:49 Fletching
26:00 Padded Archer Armor
26:45 Bodkin Arrow
27:49 Gold Shaft Mining
28:03 Leather Archer Armor
29:55 Chemistry
28:36 Treadmill Crane
29:08 Fortified Wall
30:44 Conscription
30:45 Hand Cart
30:53 Hand Cart
31:25 Ring Archer Armor
31:35 Stone Mining
31:52 Bracer
31:46 Town Watch
32:20 Elite Longbowman
33:43 Masonry
34:18 Hoardings
33:49 Squires
33:36 Arson
34:59 Architecture
34:25 Murder Holes
37:25 Two-Man Saw
37:31 Yeomen
41:42 Warwolf
42:06 Pikeman
42:59 Forging
42:49 Scale Mail Armor
43:09 Siege Engineers
43:14 Halberdier
45:16 Iron Casting
44:56 Chain Mail Armor
47:43 Plate Mail Armor
50:24 Blast Furnace
48:49 Man-at-Arms
49:15 Gambesons
Connection lost

Rejoining the realm…

Still unreachable

The connection could not be restored.

Session expired

The server has moved on; the page needs a fresh start.